 Dungeon Crawl Stone Soup version 0.21-a0-286-g6fcecc0 (webtiles) character file.

48 Lavandula the Ruffian (level 3, 0/29 HPs)
             Began as a Ghoul Warper on Sept 27, 2017.
             Killed from afar by Blork the orc (2 damage)
             ... with a puff of frost
             ... on level 4 of the Dungeon.
             The game lasted 00:04:27 (853 turns).

Lavandula the Ruffian (Ghoul Warper)                 Turns: 853, Time: 00:04:28

Health: 0/29       AC:  4    Str: 15    XL:     3   Next: 72%
Magic:  2/4        EV: 11    Int:  8    God:
Gold:   94         SH:  0    Dex:  8    Spells: 1/5 levels left

rFire    . . .     SeeInvis .     - Unarmed
rCold    + . .     Gourm    .   (no shield)
rNeg     + + +     Faith    .   a - +0 leather armour
rPois    ∞         Spirit   .   (no helmet)
rElec    .         Reflect  .   (no cloak)
rCorr    .         Harm     .   (no gloves)
MR       .....                  h - +0 pair of boots
Stlth    +.........             (no amulet)
HPRegen  0.00/turn              (no ring)
MPRegen  0.09/turn              (no ring)

@: very slightly contaminated, rotting
A: rotting body, claws 1, carnivore 3, cold resistance 1, negative energy
resistance 3, inhibited regeneration, torment resistance, unbreathing
a: no special abilities


You were on level 4 of the Dungeon.
You were not hungry.

You visited 1 branch of the dungeon, and saw 4 of its levels.

You collected 94 gold pieces.

Inventory:

Hand Weapons
 i - a +1 hunting sling of freezing
Armour
 a - a +0 leather armour (worn)
 h - a +0 pair of boots (worn)
Scrolls
 j - 3 scrolls of teleportation {unknown}
Potions
 d - a potion of agility {unknown}
 g - a potion of lignification
Books
 b - a book of Spatial Translocations

   Spells                             Type                      Level
   a - Blink                          Translocation                2
   b - Shroud of Golubria             Charms/Translocation         2
   c - Lesser Beckoning               Translocation                3
   d - Gell's Gravitas                Translocation                3
   e - Teleport Other                 Translocation                3
   f - Passage of Golubria            Translocation                4
Comestibles
 f - 3 meat rations


   Skills:
 - Level 2.1 Fighting
 - Level 0.8 Throwing
 - Level 0.8 Armour
 - Level 1.7 Dodging
 + Level 4.3 Unarmed Combat
 - Level 1.7 Spellcasting
 - Level 2.6 Translocations


You had one spell level left.
You knew the following spells:

 Your Spells              Type           Power        Failure   Level  Hunger
a - Blink                 Tloc           N/A          22%         2    ###....
b - Shroud of Golubria    Chrm/Tloc      #.........   36%         2    ###....


Dungeon Overview and Level Annotations

Branches:
Dungeon (4/15)
 Temple: D:4-7

Altars:

Annotations:
D:3 cirnu's ghost, amateur FoFi
D:4 Blork the orc; MirrMurr's ghost, amateur GnBe; Natasha


Innate Abilities, Weirdness & Mutations

Your body is rotting away.
You thrive on raw meat.
You are immune to poison.
You have sharp fingernails.
You are carnivorous and can eat meat at any time.
Your flesh is cold resistant. (rC+)
You are immune to negative energy. (rN+++)
You do not regenerate when monsters are visible.
You are immune to unholy pain and torment.
You can survive without breathing.


Message History

The worker ant twitches its antennae in your direction.
The orc moves out of view.
Found 13 gold pieces.
An orc comes into view.
The orc shouts!
The orc hits you with a short sword.
* * * LOW HITPOINT WARNING * * *
Casting: Blink
Confirm with . or Enter, or press ? or * to list all spells.
You blink.
Found a ring mail.
The orc priest begins to cast a cantrip, but forgets the words!
Natasha, Servant of Life and Death comes into view.
Natasha hisses angrily.
Found a scroll labeled KEAMPU WEOJIQALO.
Blork the orc comes into view.
He is wielding a hand axe of freezing.
Blork the orc shouts!
Blork the orc casts a spell at you. The puff of frost hits you! You resist.
You die...

..........$....#
####.o..oo....#####
#h#.##........WS
###.#.##.....#####
#...#.###...## .##
#o###.# #.###
.....###o###.###.#
#.............
....####@###.###
?.....o....!.#
######
##.####.###.#
#..SW. #.# #.####
#.# #$# #.# #W# #.#
#S# ..# #.# #.#


You could see Blork the orc and 2 orcs.

Vanquished Creatures
  3 adders
  A dart slug (D:2)
  2 leopard geckos
  An orc (D:3)
  2 bats (D:2)
  2 goblins (D:1)
  A jackal (D:3)
  3 kobolds
  2 rats (D:1)
17 creatures vanquished.

Notes
Turn   | Place    | Note
-------+----------+-------------------------------------------
     0 | D:1      | Lavandula the Ghoul Warper began the quest for the Orb.
     0 | D:1      | Reached XP level 1. HP: 17/17 MP: 2/2
   197 | D:1      | Reached skill level 3 in Unarmed Combat
   197 | D:1      | Reached XP level 2. HP: 17/24 MP: 3/3
   228 | D:2      | Learned a level 2 spell: Blink
   231 | D:2      | Learned a level 2 spell: Shroud of Golubria
   348 | D:1      | HP: 1/24 [dart slug/slug dart (4)]
   386 | D:2      | HP: 1/24 [adder (1)]
   578 | D:2      | Reached XP level 3. HP: 17/28 MP: 1/4
   625 | D:2      | Reached skill level 4 in Unarmed Combat
   762 | D:3      | Noticed cirnu's ghost (amateur FoFi)
   785 | D:4      | Noticed MirrMurr's ghost (amateur GnBe)
   847 | D:4      | Noticed Natasha
   853 | D:4      | Noticed Blork the orc
   853 | D:4      | Killed from afar by Blork the orc

Vault maps used:
D:1:      evilmike_arrival_crescent, serial_forest,
          infiniplex_forest_clump_small, infiniplex_forest_straight_4,
          infiniplex_forest_clump_small, infiniplex_forest_fountain,
          infiniplex_forest_end_2, infiniplex_forest_clump_small,
          infiniplex_forest_clump_small, fountainhead, minmay_misc_feat_rows,
          minmay_misc_feat_tiny
D:2:      kennysheep_okawaru_gauntlet, uniq_robin
D:3:      grunt_temple_overflow_cloverleaf, first_bread,
          kennysheep_generic_room_8, uniq_sigmund
D:4:      kennysheep_mini, grunt_qazlal_sundering, uniq_blork_the_orc,
          uniq_natasha

Skill      XL: |  1  2  3 |
---------------+----------+-----
Unarmed Combat | 3 4 |  4.3
Fighting       | |  2.1
Throwing       | |  0.8
Armour         | |  0.8
Dodging        | |  1.7
Spellcasting   | |  1.7
Translocations | |  2.6

Action                   || total
-------------------------++-------
Melee: Unarmed           ||   116
Throw: Tomahawk          ||     5
 Cast: Shroud of Golubri ||     6
       Blink             ||     2
  Use: Potion            ||     2
       Scroll            ||     1
  Eat: Chunk             ||    18
Armor: Leather armour    ||    37
Dodge: Dodged            ||    58

Table legend:
 A = Spawn XP
 B = Non-spawn XP
 C = Spawn XP percentage of total XP
 D = Spawn monster count
 E = Non-spawn monster count
 F = Spawn count percentage of total count
 G = Total turns spent on level
                    A         B        C        D         E        F      G
               +---------+---------+-------+---------+---------+-------+---------
         Total |       0 |      69 |   0.0 |       0 |      17 |   0.0 |   853
               +---------+---------+-------+---------+---------+-------+---------
           D:1 |       0 |      11 |   0.0 |       0 |       6 |   0.0 |   265
           D:2 |       0 |      38 |   0.0 |       0 |       7 |   0.0 |   390
           D:3 |       0 |      20 |   0.0 |       0 |       4 |   0.0 |   130
               +---------+---------+-------+---------+---------+-------+---------
